 Dungeon Crawl Stone Soup version 0.20-a0-1117-g62da73f (webtiles) character file.

109 Duffy the Shield-Bearer (level 5, 0/41 HPs)
             Began as a Formicid Fighter on May 10, 2017.
             Slain by Fingolfin's ghost (5 damage)
             ... on level 3 of the Dungeon.
             The game lasted 00:02:40 (2260 turns).

Duffy the Shield-Bearer (Formicid Fighter)          Turns: 2260, Time: 00:02:40

Health: 0/41       AC:  9    Str: 21    XL:     5   Next: 13%
Magic:  5/5        EV:  8    Int:  8    God:
Gold:   174        SH: 10    Dex: 10    Spells: 4/4 levels left

rFire    . . .     SeeInvis +   a - +0 war axe
rCold    . . .     Gourm    .   c - +0 shield
rNeg     . . .     Faith    .   t - +3 scale mail
rPois    .         Spirit   .   (helmet unavailable)
rElec    .         Reflect  .   (no cloak)
rCorr    .         Harm     .   (no gloves)
MR       +....                  (no boots)
Stlth    ..........             y - amulet of regeneration
Regen    0.6/turn               i - ring of protection from magic
MPRegen  0.1/turn               (no ring)

@: no status effects
A: permanent stasis, dig shafts and tunnels, four strong arms, antennae 3
a: Dig, Shaft Self


You were on level 3 of the Dungeon.
You were not hungry.

You visited 1 branch of the dungeon, and saw 4 of its levels.

You collected 174 gold pieces.

Inventory:

Hand Weapons
 a - a +0 war axe (weapon)
Armour
 b - a +0 scale mail
 c - a +0 shield (worn)
 g - a +0 chain mail
 t - a +3 scale mail (worn)
Jewellery
 i - a ring of protection from magic (left hand)
 l - an uncursed ring of fire {unknown}
 y - an amulet of regeneration (around neck)
Scrolls
 e - a scroll of blinking {unknown}
 j - a scroll of fog {unknown}
 k - a scroll of enchant weapon {unknown}
 p - a scroll of magic mapping {unknown}
 u - a scroll of identify {unknown}
 w - a scroll of noise {unknown}
Potions
 d - a potion of might
 h - 3 potions of haste {unknown}
 m - a potion of flight {unknown}
 o - a potion of agility {unknown}
 q - a potion of invisibility {unknown}
 r - a potion of magic {unknown}
 s - a potion of lignification {unknown}
 x - a potion of curing
Comestibles
 f - a bread ration
 n - a meat ration


   Skills:
 - Level 3.2 Fighting
 + Level 3.7 Axes
 - Level 3.2 Armour
 + Level 5.2 Shields


You had 4 spell levels left.
You didn't know any spells.

Dungeon Overview and Level Annotations

Branches:
Dungeon (4/15)
 Temple: D:4-7

Altars:
Elyvilon

Annotations:
D:3 Fingolfin's ghost, amateur DECj


Innate Abilities, Weirdness & Mutations

You cannot be hasted, slowed, berserked, paralysed or teleported.
You can dig through walls and to a lower floor.
Your four strong arms can wield two-handed weapons with a shield.
You have a pair of large antennae on your head. (SInv)


Message History

You are too injured to fight recklessly!
You are too injured to fight recklessly!
There is a stone staircase leading down here.
There are monsters nearby!
You hit Fingolfin's ghost.
Fingolfin's ghost is heavily damaged.
Fingolfin's ghost hits you but does no damage.
Fingolfin's ghost hits you.
You completely miss Fingolfin's ghost.
Fingolfin's ghost is moderately damaged.
Fingolfin's ghost points at you and mumbles some strange words.
The orb of energy hits you!
The orb of energy explodes!
You barely miss Fingolfin's ghost.
Fingolfin's ghost is moderately damaged.
Fingolfin's ghost gestures at you while chanting.
The magic dart hits you!
You closely miss Fingolfin's ghost.
Fingolfin's ghost is moderately damaged.
Fingolfin's ghost hits you.
You die...

.# #.##
##########...####
........%.......'
######.#....###
##.##g#.##
##.###K# # #.
##.## #W# #.#
##.## #@# #.#
##.## #.# #.#
##.## #.#
#.###.## #.#
#.##.## #.# #
#.#.## #.#
###..## ...
.##.## ### ....#


You could see Fingolfin's ghost, a hobgoblin and a kobold.

Vanquished Creatures
  A gnoll (D:1)
  An adder (D:2)
  2 oozes
  2 dart slugs (D:2)
  2 leopard geckos (D:1)
  An orc (D:3)
  5 giant cockroaches
  10 goblins
  10 hobgoblins
  7 jackals (D:1)
  A quokka (D:3)
  A ball python (D:1)
  7 bats
  8 frilled lizards
  4 kobolds
  10 rats
72 creatures vanquished.

Vanquished Creatures (others)
  A bat (D:3)
1 creature vanquished.

Grand Total: 73 creatures vanquished

Notes
Turn   | Place    | Note
-------+----------+-------------------------------------------
     0 | D:1      | Duffy the Formicid Fighter began the quest for the Orb.
     0 | D:1      | Reached XP level 1. HP: 18/18 MP: 1/1
   129 | D:1      | Reached XP level 2. HP: 24/24 MP: 2/2
   144 | D:1      | Reached skill level 4 in Shields
   170 | D:1      | Reached XP level 3. HP: 29/29 MP: 3/3
   635 | D:1      | Reached XP level 4. HP: 30/35 MP: 4/4
  1974 | D:2      | Reached skill level 5 in Shields
  1996 | D:2      | Found a white marble altar of Elyvilon.
  2001 | D:2      | Reached XP level 5. HP: 41/41 MP: 5/5
  2233 | D:3      | Noticed Fingolfin's ghost (amateur DECj)
  2260 | D:3      | Slain by Fingolfin's ghost

Vault maps used:
D:1:      erik_arrival_cave_to_civilisation
D:2:      cheibrodos_old_hovel, lemuel_round_altar, dk_noncrumbling_2
D:3:      lemuel_coloured_pillars_altar, fedhas_altar_1,
          cheibrodos_sewer_entry_drain, first_bread
D:4:      minmay_misc_feat_roman

Skill      XL: |  1  2  3  4 |
---------------+-------------+-----
Shields        | 4 5 |  5.2
Axes           | 3 |  3.7
Fighting       | |  3.2
Armour         | |  3.2

Action                   |  1- 3 |  4- 6 || total
-------------------------+-------+-------++-------
Melee: War axe           |   117 |   114 ||   231
 Abil: Dig               |     2 |     8 ||    10
  Use: Potion            |       |     1 ||     1
  Eat: Chunk             |       |     6 ||     6
Armor: Scale mail        |    56 |    32 ||    88
Dodge: Dodged            |    53 |    28 ||    81
Block: Shield            |    79 |    56 ||   135
